 Dungeon Crawl Stone Soup version 0.29.0-4-gdea44cf6ec (webtiles) character file.

Game seed: 1783510541003764413

198 qw the Chopper (level 5, 0/46 HPs)
             Began as a Minotaur Berserker on Sept 4, 2022.
             Was a Believer of Trog.
             Slain by Sigmund
             ... wielding a +0 scythe
              (4 damage)
             ... on level 3 of the Dungeon.
             The game lasted 00:01:02 (4211 turns).

qw the Chopper (Minotaur Berserker)                 Turns: 4211, Time: 00:01:03

Health: 0/46       AC:  4    Str: 23    XL:     5   Next: 47%
Magic:  4/4        EV: 11    Int:  4    God:    Trog [**....]
Gold:   155        SH:  0    Dex: 10    Spells: 4/4 levels left

rFire   . . .      SeeInvis .   Y - +0 war axe
rCold   . . .      Faith    .   (no shield)
rNeg    . . .      Spirit   .   l - +0 leather armour
rPois   .          Reflect  .   (helmet restricted)
rElec   .          Harm     .   j - +0 cloak
rCorr   .          Rampage  .   (no gloves)
Will    .....                   (no boots)
Stlth   +.........              (no amulet)
HPRegen 0.15/turn               (no ring)
MPRegen 0.09/turn               (no ring)

@: on berserk cooldown, slowed, very slow
A: horns 2, retaliatory headbutt
a: Renounce Religion, Berserk, Trog's Hand


You were on level 3 of the Dungeon.
You worshipped Trog.
Trog was pleased with you.
You visited 1 branch of the dungeon, and saw 3 of its levels.

You collected 155 gold pieces.


Innate Abilities, Weirdness & Mutations

You have a pair of horns on your head.
You reflexively headbutt those who attack you in melee.


   Skills:
 - Level 4.3 Fighting
 + Level 7.2 Axes
 - Level 2.4 Armour
 - Level 2.1 Dodging


You had 4 spell levels left.
You didn't know any spells.
Your spell library was empty.

Inventory:

Hand Weapons
 a - a +0 whip
 Y - a +0 war axe (weapon)
Armour
 j - a +0 cloak (worn)
 l - a +0 leather armour (worn)
 r - a +4 chain mail
Jewellery
 b - a ring of ice
Scrolls
 k - a scroll of teleportation
 p - 2 scrolls of identify
 q - a scroll of poison {unknown}
Potions
 c - a potion of resistance
 d - 2 potions of heal wounds
 e - a potion of degeneration {unknown}
 f - a potion of invisibility {unknown}
 g - a potion of lignification {unknown}
 h - a potion of curing
 i - 2 potions of mutation {unknown}
 m - a potion of brilliance {unknown}
 n - a potion of flight {unknown}
 o - a potion of berserk rage {unknown}
 s - a potion of might {unknown}

Dungeon Overview and Level Annotations

Branches:
Dungeon (3/15)

Altars:
Okawaru
Sif Muna

Annotations:
D:3 Sigmund


Message History

The adder is heavily wounded.
The adder barely misses you.
You closely miss the adder.
The adder is heavily wounded.
Sigmund casts a spell.
Sigmund flickers and vanishes!
Deactivating autopickup; reactivate with Ctrl-A.
The adder bites you but does no damage.
You slice the adder!!
You kill the adder!
Trog accepts your kill. Something hits you!
Your life force feels restored.
You slash the hobgoblin!
You kill the hobgoblin!
Trog accepts your kill.
You swing at nothing.
You swing at nothing.
You feel a strong urge to attack something.
Something hits you.
You swing at nothing.
You are no longer berserk.
You are exhausted.
You feel yourself slow down.
You swing at nothing.
Something hits you! Something hits you.
You swing at nothing.
You hear some strange, mumbled words.
Something tries to affect you, but you resist.
You swing at nothing.
Something hits you but does no damage.
You swing at nothing.
Something hits you!
You swing at nothing.
Something hits you but does no damage.
You swing at nothing.
Something hits you!
You swing at nothing.
Something hits you. x2
You die...

#.#.###.###. #...
#.#.#......... #...
#.......#%#.#. #....
###...#.#.#.#. .....
...>..#.#.#.#. ...[..
###.###.#.#.#.
.....{#### ##.....#.#.##
..?...%..# #........#...
#...%@.# #........####
#......###........#...
#.................#.#.##
#.....#######'###.#>..#
#.....#...........######
#.....#...........#<###.
#.... #...........#...#.
#.... #######.###.###.#.
#.###.# #.#.


There were no monsters in sight!

Vanquished Creatures
  An iguana (D:3)
  Ijyb (D:3)
  Terence (D:3)
  Robin (D:3)
  3 adders
  2 dart slugs
  2 orcs (D:3)
  5 bats
  3 endoplasms
  2 giant cockroaches (D:1)
  15 goblins
  13 hobgoblins
  7 jackals
  4 frilled lizards
  8 kobolds
  4 rats
72 creatures vanquished.

Vanquished Creatures (others)
  A demonic plant (D:3)
1 creature vanquished.

Grand Total: 73 creatures vanquished

Notes
Turn   | Place    | Note
-------+----------+-------------------------------------------
     0 | D:1      | qw the Minotaur Berserker began the quest for the Orb.
     0 | D:1      | Reached XP level 1. HP: 19/19 MP: 0/0
     0 | D:1      | 0 ||| qw: Version: 0.1-a-103-gd6f5d3a
     0 | D:1      | 0 ||| qw: Game counter: 5505
     0 | D:1      | 0 ||| qw: Always use a shield: true
     0 | D:1      | 0 ||| qw: Do Orc after D:15 true
     0 | D:1      | 0 ||| qw: Do second Lair branch before Depths: true
     0 | D:1      | 0 ||| qw: Lair rune preference: random
     0 | D:1      | 0 ||| qw: Plans: Normal
     0 | D:1      | 0 ||| PLANNING D:1-11
    70 | D:1      | 70 ||| Stepping ~*~*~tactically~*~*~ (stealth).
    73 | D:1      | 73 ||| Stepping ~*~*~tactically~*~*~ (stealth).
    90 | D:1      | 90 ||| Stepping ~*~*~tactically~*~*~ (stealth).
    91 | D:1      | 91 ||| Stepping ~*~*~tactically~*~*~ (stealth).
   201 | D:1      | Reached skill level 4 in Axes
   207 | D:1      | 207 ||| Stepping ~*~*~tactically~*~*~ (stealth).
   208 | D:1      | 208 ||| Stepping ~*~*~tactically~*~*~ (stealth).
   220 | D:1      | Reached XP level 2. HP: 18/26 MP: 1/1
   348 | D:1      | 348 ||| SWAPPING to +0 war axe.
   349 | D:1      | 349 ||| DROPPING +0 hand axe.
   959 | D:1      | 959 ||| Stepping ~*~*~tactically~*~*~ (hiding).
  1061 | D:1      | 1061 ||| Stepping ~*~*~tactically~*~*~ (hiding).
  1163 | D:1      | 1163 ||| Stepping ~*~*~tactically~*~*~ (hiding).
  1265 | D:1      | 1265 ||| Stepping ~*~*~tactically~*~*~ (hiding).
  1367 | D:1      | 1367 ||| Stepping ~*~*~tactically~*~*~ (hiding).
  1841 | D:1      | Reached skill level 5 in Axes
  1842 | D:1      | 1842 ||| READING scroll labelled IMAGUA WIDDA.
  1843 | D:1      | 1843 ||| READING scroll labelled SINGAUXKER.
  1847 | D:1      | 1847 ||| READING scroll labelled PUITUH VUEXATE.
  1848 | D:1      | 1848 ||| READING scroll labelled HOECAIXZIE.
  1958 | D:2      | 1958 ||| INVOKING Berserk.
  1959 | D:2      | Reached XP level 3. HP: 20/31 MP: 2/2
  2382 | D:2      | 2382 ||| Stepping ~*~*~tactically~*~*~ (hiding).
  2596 | D:2      | Reached ** piety under Trog
  2850 | D:2      | 2850 ||| Stepping ~*~*~tactically~*~*~ (stealth).
  2851 | D:2      | 2851 ||| Stepping ~*~*~tactically~*~*~ (stealth).
  2852 | D:2      | 2852 ||| Stepping ~*~*~tactically~*~*~ (stealth).
  2853 | D:2      | 2853 ||| Stepping ~*~*~tactically~*~*~ (stealth).
  2854 | D:2      | 2854 ||| Stepping ~*~*~tactically~*~*~ (stealth).
  2855 | D:2      | 2855 ||| Stepping ~*~*~tactically~*~*~ (stealth).
  2856 | D:2      | 2856 ||| Stepping ~*~*~tactically~*~*~ (stealth).
  2857 | D:2      | 2857 ||| Stepping ~*~*~tactically~*~*~ (stealth).
  2858 | D:2      | 2858 ||| Stepping ~*~*~tactically~*~*~ (stealth).
  2859 | D:2      | 2859 ||| Stepping ~*~*~tactically~*~*~ (stealth).
  2860 | D:2      | 2860 ||| Stepping ~*~*~tactically~*~*~ (stealth).
  2861 | D:2      | 2861 ||| Stepping ~*~*~tactically~*~*~ (stealth).
  2862 | D:2      | 2862 ||| Stepping ~*~*~tactically~*~*~ (stealth).
  2863 | D:2      | 2863 ||| Stepping ~*~*~tactically~*~*~ (stealth).
  2864 | D:2      | 2864 ||| Stepping ~*~*~tactically~*~*~ (stealth).
  2865 | D:2      | 2865 ||| Stepping ~*~*~tactically~*~*~ (stealth).
  2866 | D:2      | 2866 ||| Stepping ~*~*~tactically~*~*~ (stealth).
  2867 | D:2      | 2867 ||| Stepping ~*~*~tactically~*~*~ (stealth).
  2868 | D:2      | 2868 ||| Stepping ~*~*~tactically~*~*~ (stealth).
  2869 | D:2      | 2869 ||| Stepping ~*~*~tactically~*~*~ (stealth).
  2870 | D:2      | 2870 ||| Stepping ~*~*~tactically~*~*~ (stealth).
  2871 | D:2      | 2871 ||| Stepping ~*~*~tactically~*~*~ (stealth).
  2872 | D:2      | 2872 ||| Stepping ~*~*~tactically~*~*~ (stealth).
  2873 | D:2      | 2873 ||| Stepping ~*~*~tactically~*~*~ (stealth).
  2875 | D:2      | 2875 ||| Stepping ~*~*~tactically~*~*~ (stealth).
  2939 | D:2      | Found an iron altar of Okawaru.
  3219 | D:2      | 3219 ||| UPGRADING to +0 cloak.
  3224 | D:2      | 3224 ||| UPGRADING to +0 leather armour.
  3234 | D:2      | 3234 ||| DROPPING +0 animal skin.
  3235 | D:2      | 3235 ||| READING 2 scrolls labelled YRANAISHOI.
  3236 | D:2      | 3236 ||| READING 2 scrolls labelled CINIPR PEX YCH.
  3237 | D:2      | 3237 ||| DRINKING 2 lumpy puce potions.
  3238 | D:2      | 3238 ||| DRINKING 2 smoky dark potions.
  3239 | D:2      | 3239 ||| READING 2 scrolls of identify.
  3239 | D:2      | 3239 ||| IDENTIFYING glowing silvery potion
  3240 | D:2      | 3240 ||| DROPPING scroll of magic mapping.
  3241 | D:2      | 3241 ||| DROPPING scroll of blinking.
  3277 | D:3      | Noticed Robin
  3277 | D:3      | Noticed Ijyb
  3279 | D:3      | 3279 ||| INVOKING Berserk.
  3281 | D:3      | Reached skill level 6 in Axes
  3281 | D:3      | Reached XP level 4. HP: 39/39 MP: 3/3
  3285 | D:3      | Killed Ijyb
  3289 | D:3      | HP: 11/58 [iguana (6)]
  3293 | D:3      | Killed Robin
  3294 | D:3      | Reached skill level 7 in Axes
  3294 | D:3      | Reached XP level 5. HP: 12/45 MP: 4/4
  3635 | D:3      | 3635 ||| Stepping ~*~*~tactically~*~*~ (stealth).
  3637 | D:3      | 3637 ||| Stepping ~*~*~tactically~*~*~ (stealth).
  3638 | D:3      | 3638 ||| Stepping ~*~*~tactically~*~*~ (stealth).
  3793 | D:3      | Noticed Terence
  3797 | D:3      | 3797 ||| INVOKING Berserk.
  3798 | D:3      | Killed Terence
  4017 | D:3      | Found a shimmering blue altar of Sif Muna.
  4107 | D:3      | Found a faded altar of an unknown god.
  4107 | D:3      | Noticed a Brimstone Fiend
  4194 | D:3      | Noticed Sigmund
  4197 | D:3      | 4197 ||| INVOKING Berserk.
  4210 | D:3      | HP: 6/46 [something (10)]
  4211 | D:3      | Slain by Sigmund

Levels and vault maps discovered:
D:1:      dpeg_arrival_stone_temple_mockup, layout_basic
D:2:      mumra_celtic_spiral_tile, layout_rooms, basic_altar,
          grunt_ministairs_11, hangedman_decor_clover_reticule, minmay_ruptured
D:3:      layout_basic, kennysheep_orc_sif_temple,
          dreamdust_ecumenical_altar_sealed_demon, uniq_robin, uniq_sigmund,
          uniq_terence, uniq_ijyb

Skill      XL: |  1  2  3  4  5 |
---------------+----------------+-----
Axes           | 4 5 6 7 |  7.2
Fighting       | 4 |  4.3
Armour         | |  2.4
Dodging        | |  2.1

Action                   |  1- 3 |  4- 6 || total
-------------------------+-------+-------++-------
Melee: Hand axe          |    27 |       ||    27
       Headbutt          |     4 |     2 ||     6
       Punch             |     1 |       ||     1
       War axe           |    53 |    41 ||    94
Invok: Berserk           |     2 |     2 ||     4
  Use: Scroll            |     7 |       ||     7
       Potion            |     2 |       ||     2
Armor: Animal skin       |    15 |       ||    15
       Leather armour    |     1 |    14 ||    15
Dodge: Dodged            |    39 |    21 ||    60

Table legend:
 A = Non-vault XP
 B = Vault XP
 C = Vault XP percentage of total XP
 D = Non-vault monster count
 E = Vault monster count
 F = Vault count percentage of total count
                 A         B        C        D         E       F
            +---------+---------+-------+---------+---------+-------
      Total |     155 |     129 |  45.4 |      53 |      19 |  26.4
            +---------+---------+-------+---------+---------+-------
        D:1 |      35 |       0 |   0.0 |      20 |       0 |   0.0
        D:2 |      43 |      18 |  29.5 |      16 |       4 |  20.0
        D:3 |      77 |     111 |  59.0 |      17 |      15 |  46.9
            +---------+---------+-------+---------+---------+-------
